 Dungeon Crawl Stone Soup version 0.22.0-49-gab54619 (webtiles) character file.

88 beigtais the Stinger (level 4, 31/31 HPs)
             Began as a Demonspawn Venom Mage on Sept 4, 2018.
             Quit the game on level 2 of the Dungeon on Sept 6, 2018.
             The game lasted 00:17:05 (2882 turns).

beigtais the Stinger (Demonspawn Venom Mage)        Turns: 2882, Time: 00:17:05

Health: 31/31      AC:  4    Str:  6 (8)  XL:     4   Next: 30%
Magic:  0/8        EV: 12    Int: 17 (18) God:
Gold:   90         SH:  0    Dex: 12 (13) Spells: 2/8 levels left

rFire    . . .     SeeInvis .   e - +2 dagger
rCold    . . .     Gourm    .   (no shield)
rNeg     . . .     Faith    .   a - +0 robe
rPois    .         Spirit   .   (no helmet)
rElec    .         Reflect  .   (no cloak)
rCorr    .         Harm     .   (no gloves)
MR       .....                  (no boots)
Stlth    ++........             (no amulet)
HPRegen  0.10/turn              i - +1 ring of slaying
MPRegen  0.11/turn              (no ring)

@: very slightly contaminated
A: iridescent scales 1
a: no special abilities


You were on level 2 of the Dungeon.
You were not hungry.

You visited 1 branch of the dungeon, and saw 2 of its levels.

You collected 90 gold pieces.

Inventory:

Hand Weapons
 e - a +2 dagger (weapon)
Missiles
 g - 7 silver javelins (quivered)
Armour
 a - a +0 robe (worn)
Jewellery
 i - a +1 ring of slaying (left hand)
Potions
 d - a potion of flight
 h - a potion of curing
Comestibles
 c - 3 rations


   Skills:
 + Level 0.4 Fighting
 + Level 0.7 Throwing
 + Level 2.3 Dodging
 + Level 1.9 Stealth
 * Level 2.8 Spellcasting
 * Level 1.6 Conjurations
 + Level 3.5 Poison Magic


You had 2 spell levels left.
You knew the following spells:

 Your Spells              Type           Power        Failure   Level  Hunger
a - Sting                 Conj/Pois      ##..         6%          1    #......
b - Poisonous Vapours     Pois/Air       #.....       13%         2    ##.....
c - Mephitic Cloud        Conj/Pois/Air  #.......     26%         3    ###....

Your spell library contained the following spells:

 Spells                   Type           Power        Failure   Level  Hunger
 Olgreb's Toxic Radiance  Pois           ##......     38%         4    #####..
 Venom Bolt               Conj/Pois      ##........   86%         5    ######.


Dungeon Overview and Level Annotations

Branches:
Dungeon (2/15)

Altars:
Nemelex Xobeh


Innate Abilities, Weirdness & Mutations

You are partially covered in iridescent scales. (AC +2)


Message History

Confirm with . or Enter, or press ? or * to list all spells.
Aiming: Sting (safe; 6% risk of failure)
Press: ? - help, Shift-Dir - straight line, f/p - worm
Aim: a worm The sting hits the worm.
The worm is poisoned.
The worm is lightly wounded.
All of the chunks of flesh in your inventory have rotted away.
Casting: Sting (safe; 6% risk of failure)
Confirm with . or Enter, or press ? or * to list all spells.
Aiming: Sting (safe; 6% risk of failure)
Press: ? - help, Shift-Dir - straight line, f/p - worm
Aim: a worm The sting hits the worm.
The worm appears unharmed.
Welcome back, beigtais the Demonspawn Venom Mage.
Press ? for a list of commands and other information.
Okay, then.
You aren't carrying any scrolls.
Quiver which item? (- for none, * to show all) (? for menu, Esc to quit)
Okay, then.
Are you sure you want to abandon this character and quit the game? (Confirm

....#.##
#.##.......)##.#
##.##..#
#.##........#..#
#.###.#####
#.##....)...#.##
##.........#
#.##........#.#
...........#
#.##..).....#.#
##.........#
#.##........#.#
##.>.......#
#.##........#.#
...#########
####....########.#
#### #.@..#### #.# #
###.##.# #.# #
#...##.# ####.##
#############.##...#
##.....#
.........w.w..##.###
##.......
....############.#
#........ ....# ##.#
#........ ....#
#####..## #........
....# #.......###
#........


You could see a worm.

Vanquished Creatures
  A bullfrog skeleton (D:2)
  An adder (D:2)
  A gnoll (D:1)
  A worm (D:2)
  A dart slug (D:1)
  3 leopard geckos
  4 bats
  A giant cockroach (D:2)
  2 hobgoblins (D:2)
  5 kobolds
  2 quokkas (D:2)
  2 frilled lizards (D:1)
  5 goblins (D:1)
  5 rats
34 creatures vanquished.

Notes
Turn   | Place    | Note
-------+----------+-------------------------------------------
     0 | D:1      | beigtais the Demonspawn Venom Mage began the quest for the
                  | Orb.
     0 | D:1      | Reached XP level 1. HP: 13/13 MP: 3/3
   391 | D:1      | Gained mutation: You are partially covered in iridescent
                  | scales. (AC +2) [demonic ancestry]
   391 | D:1      | Reached XP level 2. HP: 19/19 MP: 3/5
   773 | D:1      | Found a sparkling altar of Nemelex Xobeh.
  1565 | D:1      | Reached XP level 3. HP: 24/24 MP: 2/6
  1569 | D:1      | Learned a level 2 spell: Poisonous Vapours
  1573 | D:1      | Learned a level 3 spell: Mephitic Cloud
  2021 | D:2      | Reached XP level 4. HP: 11/30 MP: 6/8
  2882 | D:2      | Quit the game

Skill      XL: |  1 |
---------------+----+-----
Dodging        | 2 |  2.3
Fighting       | |  0.4
Throwing       | |  0.7
Stealth        | |  1.9
Spellcasting   | |  2.8
Conjurations   | |  1.6
Poison Magic   | |  3.5

Action                   |  1- 3 |  4- 6 || total
-------------------------+-------+-------++-------
Melee: Unarmed           |     8 |       ||     8
       Dagger            |     5 |     2 ||     7
Throw: Javelin           |    32 |     2 ||    34
 Cast: Sting             |    47 |     2 ||    49
       Poisonous Vapours |     4 |    19 ||    23
  Use: Scroll            |     4 |     3 ||     7
       Potion            |     2 |     2 ||     4
  Eat: Chunk             |     2 |     3 ||     5
       Ration            |     1 |       ||     1
Armor: Robe              |    27 |     5 ||    32
Dodge: Dodged            |    59 |     5 ||    64
